 Dungeon Crawl Stone Soup version 0.31-a0-986-g5e6e4ef867 (webtiles) character file.

Game seed: 15613872809266278449

47531 zenocrate the Thaumaturge (level 14, -17/84 HPs)
             Began as a Gargoyle Ice Elementalist on Nov 8, 2023.
             Was a High Priest of Vehumet.
             Killed from afar by zenocrate's ghost (59 damage)
             ... with an iron shot
             ... on level 3 of the Lair of Beasts on Nov 9, 2023.
             The game lasted 00:33:45 (17309 turns).

zenocrate the Thaumaturge (GrIE)                   Turns: 17309, Time: 00:33:46

Health: -17/84     AC: 36    Str: 11    XL:     14   Next: 42%
Magic:  27/30      EV: 12    Int: 31    God:    Vehumet [*****.]
Gold:   276        SH:  5    Dex:  9    Spells: 9/37 levels left

rFire   + . .        b - +2 whip (elec)
rCold   . . .        J - +0 buckler
rNeg    + . .        H - +0 acid dragon scales
rPois   ∞            p - +2 hat
rElec   +            C - +0 cloak
rCorr   +            w - +0 pair of gloves
SInv    .            G - +0 pair of boots
Will    +....        V - amulet of regeneration
Stlth   ++           E - +4 ring of protection
HPRegen 1.14/turn    d - +6 ring of intelligence
MPRegen 0.22/turn

%: no passive effects
@: ice-armoured, freezing walls, flying
A: sickness immunity, AC +10, big wings, negative energy resistance 1,
electricity resistance, torment resistance 1, petrification resistance, horns 1,
clever 1, fire resistance 1
a: Renounce Religion


You were on level 3 of the Lair of Beasts.
You worshipped Vehumet.
Vehumet was extremely pleased with you.
You visited 3 branches of the dungeon, and saw 16 of its levels.
You also visited: Bailey and Gauntlet.

You collected 1046 gold pieces.
You spent 770 gold pieces at shops.

Inventory:

Hand Weapons
 b - a +2 whip of electrocution (weapon)
 R - the +7 captain's cutlass {speed, disarm}
   (You took it off a minotaur in a Gauntlet)
Missiles
 z - 2 throwing nets
 Q - 5 javelins
Armour
 p - a +2 hat (worn)
 w - a +0 pair of gloves (worn)
 C - a +0 cloak (worn)
 G - a +0 pair of boots (worn)
 H - +0 acid dragon scales (worn)
 J - a +0 buckler (worn)
Magical Staves
 a - a staff of conjuration
Jewellery
 d - a +6 ring of intelligence (right hand)
 g - a ring of positive energy
 y - a ring of wizardry
 E - a +4 ring of protection (left hand)
 F - the ring "Ymeurch" {rElec rF+ Str+4}
   (You found it in a Gauntlet)

   [ring of protection from fire]

   Str+4:     It affects your strength (+4).
   rF+:       It protects you from fire.
   rElec:     It insulates you from electricity.
 I - a ring of willpower
 N - a +4 ring of protection
 V - an amulet of regeneration (around neck)
 W - a ring of protection from fire
Wands
 k - a wand of acid (21)
 o - a wand of digging (17)
 t - a wand of roots (6)
 u - a wand of charming (32)
 A - a wand of flame (21)
 B - a wand of mindburst (6)
Scrolls
 c - 4 scrolls of vulnerability
 h - a scroll of amnesia
 i - 3 scrolls of blinking
 j - a scroll of revelation
 n - 4 scrolls of teleportation
 r - 2 scrolls of fog
 s - a scroll of torment
 v - 3 scrolls of enchant weapon
 L - a scroll of butterflies {unknown}
 P - 4 scrolls of immolation
 S - 2 scrolls of fear
 X - 2 scrolls of silence {unknown}
 Y - 2 scrolls of poison {unknown}
Potions
 f - a potion of resistance
 l - 6 potions of curing
 m - 3 potions of enlightenment
 q - 5 potions of haste
 x - 4 potions of heal wounds
 D - 3 potions of ambrosia
 M - 2 potions of magic
 O - a potion of cancellation
 Z - 3 potions of might
Miscellaneous
 e - a phantom mirror
 K - a phial of floods (inert)


   Skills:
 + Level 8.7 Fighting
 - Level 6.3 Maces & Flails
 + Level 6.4 Armour
 + Level 5.2 Dodging
 - Level 3.3 Stealth
 + Level 7.3 Shields
 + Level 12.3 Spellcasting
 + Level 4.3 Conjurations
 + Level 3.9 Fire Magic
 - Level 11.5 Ice Magic
 + Level 7.5 Evocations


You had 9 spell levels left.
You knew the following spells:

 Your Spells              Type           Power      Damage    Failure   Level
a - Freeze                Ice            100%       1d10      1%          1
b - Frozen Ramparts       Ice            100%       1d16      1%          3
c - Ozocubu's Armour      Ice            74%        N/A       1%          3
d - Fireball              Conj/Fire      22%        3d10      7%          5
e - Summon Ice Beast      Ice/Summ       53%        N/A       4%          4
f - Borgnjor's Vile Clut  Necr/Erth      9%         N/A       82%         5
g - Ozocubu's Refrigerat  Ice            37%        4d15      11%         7

Your spell library contained the following spells:

 Spells                   Type           Power      Damage    Failure   Level
 Magic Dart               Conj           100%       1d8       1%          1
 Ensorcelled Hibernation  Hex/Ice        100%       N/A       1%          2
 Searing Ray              Conj           90%        2d7       1%          2
 Hailstorm                Conj/Ice       62%        3d13      1%          3
 Poisonous Vapours        Pois/Air       38%        N/A       2%          2
 Sting                    Tmut/Pois      76%        1d6       5%          1
 Fulminant Prism          Conj/Hex       16%        3d11      6%          4
 Passwall                 Tmut/Erth      15%        N/A       8%          2
 Wereblood                Tmut           19%        N/A       8%          2
 Olgreb's Toxic Radiance  Pois           19%        N/A       13%         4
 Swiftness                Air            19%        N/A       16%         3
 Irradiate                Conj/Tmut      16%        3d17      16%         5
 Animate Dead             Necr           19%        N/A       45%         4
 Death Channel            Necr           9%         N/A       100%        6


Dungeon Overview and Level Annotations

Branches:
Dungeon (11/15)            Temple (1/1) D:4            Lair (4/5) D:11
  Swamp (0/4) Lair:3       Spider (0/4) Lair:2          Orc (0/2) D:11
 Bailey (visited)         Gauntlet (visited)
  Slime: Lair:4-5

Altars:
Ashenzari
Cheibriados
Dithmenos
Elyvilon
Fedhas
Gozag
Hepliaklqana
Kikubaaqudgha
Makhleb
Nemelex Xobeh
Okawaru
Qazlal
Ru
Sif Muna
Trog
Uskayaw
Vehumet
Wu Jian
Xom
Yredelemnul
Zin
The Shining One

Shops:
D:1 [   D:2 (   D:7 (*   D:9 ![

Annotations:
Lair:1 1 runed translucent door, Ofimafed's ghost, journeyman OpSh
Lair:3 zenocrate's ghost, journeyman GrIE


Innate Abilities, Weirdness & Mutations

You are immune to sickness and miasma.
Your stone body is resilient. (AC +10)
You are immune to poison.
Your large and strong wings let you fly.
You resist negative energy. (rN+)
You are resistant to electric shocks. (rElec)
You are resistant to unholy torment.
You are immune to petrification.
You have a pair of small horns on your head.
Your mind is acute. (Int +4, Str/Dex -1)
Your flesh is heat resistant. (rF+)


Message History

The ten-headed hydra closely misses you.
The ten-headed hydra barely misses you.
You whack the ten-headed hydra!
Lightning courses through the ten-headed hydra!
You kill the ten-headed hydra!
Vehumet accepts your kill.
You feel your power returning.
The wall freezes zenocrate's ghost but does no damage.
Zenocrate's ghost gestures at you while chanting.
The iron shot hits you but does no damage.
Unknown command.
The wall freezes zenocrate's ghost but does no damage.
Unknown command.
You completely miss zenocrate's ghost.
The wall freezes zenocrate's ghost.
Zenocrate's ghost casts a spell at you. The iron shot hits you!
Zenocrate's ghost is knocked back by the blast.
Okay, then.
Aiming: Fastroot
Press: ? - help, Shift-Dir - straight line, f - you The roots erupt in riotous growth!
Zenocrate's ghost points at you and mumbles some strange words.
The iron shot hits you.
Zenocrate's ghost is knocked back by the blast.
Unknown command.
Unknown command.
Zenocrate's ghost gestures at you while chanting.
The iron shot hits you!
Zenocrate's ghost is knocked back by the blast.
Aim the phial where?
Press: ? - help, Shift-Dir - straight line, f - zenocrate's ghost
Aim: zenocrate's ghost, wielding a weapon of venom (lightly damaged, 54% to hit)
The torrent of water hits zenocrate's ghost!
Zenocrate's ghost is moderately damaged.
Zenocrate's ghost is knocked back by the torrent of water.
The wave splashes down.
Zenocrate's ghost gestures at you while chanting.
The iron shot hits you!!!
Ouch! That really hurt!
You die...

......#.........#......#....#..##
......#....>......P.#...........#
##.P............#.#.##.##...#...#
##...............~..##....#.##...
##........#......~~~P.......#....
.#.#.............~PW~..##.....#..
...#......#.....#~~~~........†.#.
P#..............#....~..P...#....
..........#.....@##'''###...#.#..
.P...##.....#...##.....##...#..#.
...#......#.....#~......#...#.P#.
##.#......#.#...#(..)..~#...#....
##....#.P...#...#~...?..#.....#..
.#.P..#.#.#...#.##~?..~##..#.#...
##....#.....#...###~..##...#.....
#....#........P...#####......8...
.#.#..#.#..>...........#P......##


You could see zenocrate's ghost.

Vanquished Creatures
  A minotaur (Gauntlet)
  5 hydras
  2 catoblepae
  A boulder beetle (Lair:3)
  Erica (D:11)
  A death yak (Lair:2)
  2 two-headed ogres
  Urug (Lair:2)
  A skyshark (Lair:3)
  The ghost of jestert79 the Slasher, a novice DjGl of Lugonu (D:6)
  A deep elf pyromancer (Bailey)
  A shining eye (Gauntlet)
  A cyclops (D:10)
  2 centaur zombies (D:10)
  An elephant (Lair:2)
  3 black mambas
  A gargoyle (D:10)
  15 cane toads
  13 komodo dragons
  A rime drake (Lair:4)
  3 hornets
  2 polar bears
  A tyrant leech (Lair:3)
  2 trolls
  2 blink frogs (Lair:1)
  Prince Ribbit (D:5)
  A ynoxinul (Gauntlet)
  Sigmund (D:3)
  A shadow (D:11)
  A vampire (D:9)
  3 wyverns
  Eustachio (D:5)
  27 yaks
  2 golden eyes (Gauntlet)
  A wraith (D:11)
  3 basilisks
  3 redbacks (Lair:2)
  3 vampire mosquitoes (D:11)
  2 swamp worms (Lair:3)
  3 steam dragons
  5 acid dragons
  16 water moccasins
  6 orc warriors
  An ice beast (D:8)
  A sky beast (D:6)
  4 wolves (Lair:2)
  A centaur (D:7)
  A phantom (D:4)
  Blork the orc (D:4)
  2 kobold brigands
  17 bullfrogs
  3 scorpions (D:5)
  13 wights
  3 killer bees (D:9)
  7 howler monkeys
  6 orc priests
  3 hounds
  Crazy Yiuf (D:5)
  A gnoll bouda (D:5)
  3 jellies
  2 sleepcaps
  4 iron imps (Gauntlet)
  Terence (D:3)
  2 iguanas (D:5)
  9 orc wizards
  A human simulacrum (D:9)
  7 gnolls
  9 adders
  3 shadow imps
  3 white imps
  2 ufetubi (D:7)
  4 worms
  4 dart slugs
  57 orcs
  7 endoplasms
  3 giant cockroaches
  8 goblins
  4 hobgoblins
  3 jackals (D:1)
  2 quokkas
  3 ball pythons
  8 bats
  4 frilled lizards
  16 kobolds
  12 rats
391 creatures vanquished.

Vanquished Creatures (collateral kills)
  2 komodo dragons
  2 blink frogs (Lair:1)
  2 jumping spiders (Lair:2)
  5 yaks
  A vampire mosquito (D:11)
  A water moccasin (Lair:1)
13 creatures vanquished.

Vanquished Creatures (others)
  A bullfrog (D:9)
  A human simulacrum (D:9)
2 creatures vanquished.

Grand Total: 406 creatures vanquished

Notes
Turn   | Place    | Note
-------+----------+-------------------------------------------
     0 | D:1      | zenocrate the Gargoyle Ice Elementalist began the quest for
                  | the Orb.
     0 | D:1      | Reached XP level 1. HP: 10/10 MP: 3/3
    37 | D:1      | Found Sonloh's Antique Armour Shoppe.
   166 | D:1      | Found a faded altar of an unknown god.
   220 | D:1      | Reached XP level 2. HP: 15/15 MP: 3/5
   556 | D:1      | Reached XP level 3. HP: 19/19 MP: 4/6
  1200 | D:2      | Found Xoetuo's Antique Weapon Shoppe.
  1296 | D:2      | Learned a level 3 spell: Frozen Ramparts
  1300 | D:2      | Learned a level 3 spell: Ozocubu's Armour
  1860 | D:2      | Reached skill level 3 in Spellcasting
  1860 | D:2      | Reached XP level 4. HP: 18/24 MP: 4/8
  2500 | D:3      | Found a hide-covered altar of Uskayaw.
  2685 | D:3      | Noticed Terence
  2695 | D:3      | Killed Terence
  2725 | D:3      | Reached XP level 5. HP: 27/28 MP: 5/9
  2767 | D:3      | Reached skill level 5 in Ice Magic
  2917 | D:3      | Reached skill level 1 in Fighting
  2968 | D:3      | Noticed Sigmund
  2986 | D:3      | Killed Sigmund
  2987 | D:3      | Reached skill level 4 in Spellcasting
  2987 | D:3      | Reached XP level 6. HP: 13/36 MP: 5/12
  3168 | D:3      | Found a blossoming altar of Fedhas.
  3530 | D:3      | Found an ornate altar of the Wu Jian Council.
  3543 | D:3      | Learned a level 4 spell: Summon Ice Beast
  3750 | D:4      | Reached XP level 7. HP: 25/41 MP: 9/13
  3842 | D:4      | Found a staircase to the Ecumenical Temple.
  3849 | D:4      | Noticed Blork the orc
  3855 | Temple   | Entered the Ecumenical Temple
  3861 | Temple   | Became a worshipper of Vehumet
  3878 | D:4      | Killed Blork the orc
  4041 | D:4      | Found a shadowy altar of Dithmenos.
  4337 | D:4      | Identified the +1 ring mail "Bayroum" {rF+++ Str+5 Dex-3}
  4494 | D:5      | Entered Level 5 of the Dungeon
  4518 | D:5      | Reached skill level 5 in Spellcasting
  4630 | D:5      | Reached XP level 8. HP: 48/48 MP: 10/15
  4933 | D:5      | Reached * piety under Vehumet
  4933 | D:5      | Offered knowledge of Kiss of Death by Vehumet.
  4933 | D:5      | Noticed Eustachio
  4944 | D:5      | Killed Eustachio
  4945 | D:5      | Reached skill level 1 in Evocations
  5478 | D:5      | Found a runed translucent door.
  5479 | D:5      | Noticed Crazy Yiuf
  5570 | D:5      | Noticed Prince Ribbit
  5579 | D:5      | Killed Prince Ribbit
  5580 | D:5      | Reached skill level 6 in Spellcasting
  6006 | D:5      | Killed Crazy Yiuf
  6172 | D:6      | Reached XP level 9. HP: 50/52 MP: 10/18
  6356 | D:6      | Found a white marble altar of Elyvilon.
  6425 | D:6      | Found a hazy altar of Hepliaklqana.
  6455 | D:6      | Noticed jestert79's ghost (novice DjGl)
  6456 | D:6      | Found a runed translucent door.
  7189 | D:6      | Killed jestert79's ghost
  7190 | D:6      | Reached skill level 5 in Fighting
  7441 | D:7      | Reached skill level 1 in Shields
  7519 | D:7      | You fall into a shaft and drop 2 floors!
  7546 | D:9      | Found a flagged portal.
  7571 | D:9      | Offered knowledge of Momentum Strike by Vehumet.
  7575 | D:9      | Reached ** piety under Vehumet
  7579 | Bailey   | Entered a bailey
  7632 | Bailey   | Reached skill level 7 in Spellcasting
  7692 | Bailey   | Noticed an orc knight
  7713 | Bailey   | an orc knight changed into a polar bear
  7713 | Bailey   | Noticed a polar bear
  7723 | Bailey   | Killed a polar bear
  7850 | Bailey   | Found a large runed translucent door.
  7850 | Bailey   | Found a large runed translucent door.
  7851 | Bailey   | Noticed a deep elf pyromancer
  7874 | Bailey   | Reached XP level 10. HP: 42/59 MP: 11/21
  8008 | Bailey   | Killed a deep elf pyromancer
  8009 | Bailey   | Reached skill level 5 in Evocations
  8285 | D:9      | Found Ceig's Distillery.
  8506 | D:8      | Reached skill level 8 in Spellcasting
  8587 | D:8      | Offered knowledge of Volatile Blastmotes by Vehumet.
  8615 | D:8      | Noticed a two-headed ogre
  8627 | D:8      | Killed a two-headed ogre
  8759 | D:8      | Reached skill level 1 in Maces & Flails
  8816 | D:7      | Found Udiohes's Assorted Antiques.
  8819 | D:7      | Bought a scroll labelled HAGYSUL QUAGAE for 29 gold pieces
  8880 | D:7      | Reached *** piety under Vehumet
  9055 | D:7      | Offered knowledge of Inner Flame by Vehumet.
  9056 | D:7      | Reached XP level 11. HP: 63/64 MP: 19/23
  9171 | D:7      | Found Biuce's Antique Weapon Emporium.
  9385 | D:8      | Reached skill level 10 in Ice Magic
  9612 | D:9      | Found Emalyghivi's Armour Boutique.
  9809 | D:9      | Found a broken altar of Ashenzari.
 10087 | D:10     | Entered Level 10 of the Dungeon
 10090 | D:10     | Noticed a cyclops
 10102 | D:10     | Killed a cyclops
 10103 | D:10     | Reached skill level 9 in Spellcasting
 10168 | D:10     | Found a snail-covered altar of Cheibriados.
 10327 | D:10     | Found a glowing golden altar of the Shining One.
 10357 | D:10     | Reached **** piety under Vehumet
 10432 | D:10     | Offered knowledge of Lee's Rapid Deconstruction by Vehumet.
 10641 | D:10     | Reached skill level 10 in Spellcasting
 10698 | D:10     | Found a basalt altar of Yredelemnul.
 10839 | D:10     | Found a burning altar of Makhleb.
 10905 | D:9      | Bought a potion of experience for 650 gold pieces
 10905 | D:9      | Reached XP level 12. HP: 71/71 MP: 26/26
 10908 | D:9      | Bought a potion of might for 52 gold pieces
 10908 | D:9      | Bought a potion of curing for 39 gold pieces
 10975 | D:11     | Noticed a two-headed ogre
 10986 | D:11     | Killed a two-headed ogre
 11038 | D:11     | Found a gate leading to a gauntlet.
 11045 | Gauntlet | Entered a Gauntlet
 11045 | Gauntlet | Found a transporter.
 11045 | Gauntlet | Found a transporter.
 11051 | Gauntlet | Found a transporter.
 11063 | Gauntlet | Found a transporter.
 11081 | Gauntlet | Found a transporter.
 11081 | Gauntlet | Found a transporter.
 11081 | Gauntlet | Found a transporter.
 11083 | Gauntlet | Found a transporter.
 11083 | Gauntlet | Found a transporter.
 11085 | Gauntlet | Noticed a reaper
 11088 | Gauntlet | Found a runed translucent door.
 11088 | Gauntlet | Found a runed translucent door.
 11088 | Gauntlet | Noticed a dire elephant
 11095 | Gauntlet | Found a transporter.
 11112 | Gauntlet | Found a transporter.
 11122 | Gauntlet | Found a transporter.
 11136 | Gauntlet | Found a transporter.
 11157 | Gauntlet | Found a transporter.
 11210 | Gauntlet | Gained mutation: You sometimes lose your temper in combat.
                  | [a shining eye]
 11280 | Gauntlet | Lost mutation: You sometimes lose your temper in combat.
                  | [potion of mutation]
 11280 | Gauntlet | Gained mutation: Your mind is acute. (Int +4, Str/Dex -1)
                  | [potion of mutation]
 11280 | Gauntlet | Gained mutation: You have a pair of small horns on your
                  | head. [potion of mutation]
 11280 | Gauntlet | Gained mutation: Your flesh is heat resistant. (rF+)
                  | [potion of mutation]
 11347 | Gauntlet | Identified the ring "Ymeurch" {rElec rF+ Str+4}
 11439 | Gauntlet | Noticed a minotaur
 11453 | Gauntlet | Killed a minotaur
 11454 | Gauntlet | Reached skill level 11 in Spellcasting
 11650 | D:11     | Found a staircase to the Orcish Mines.
 11687 | D:11     | Identified the +11 flail "Ubruagoal" {flame, Int-5 Dex+5}
 11849 | D:11     | Found a staircase to the Lair.
 11920 | D:11     | Noticed Erica
 11937 | D:11     | Killed Erica
 11938 | D:11     | Reached skill level 5 in Shields
 12236 | D:11     | Reached XP level 13. HP: 76/76 MP: 28/28
 12398 | Lair:1   | Entered Level 1 of the Lair of Beasts
 12422 | Lair:1   | Reached skill level 5 in Maces & Flails
 12596 | Lair:1   | Reached ***** piety under Vehumet
 12606 | Lair:1   | Offered knowledge of Fireball by Vehumet.
 12613 | Lair:1   | Learned a level 5 spell: Fireball
 12745 | Lair:1   | Found a runed translucent door.
 12748 | Lair:1   | Noticed Ofimafed's ghost (journeyman OpSh)
 13028 | Lair:1   | Reached skill level 1 in Conjurations
 13035 | Lair:1   | Reached skill level 1 in Fire Magic
 13812 | Lair:2   | Reached skill level 5 in Armour
 13852 | Lair:2   | Learned a level 5 spell: Borgnjor's Vile Clutch
 14105 | Lair:2   | Noticed Urug
 14233 | Lair:2   | Reached skill level 12 in Spellcasting
 14468 | Lair:2   | Offered knowledge of Ozocubu's Refrigeration by Vehumet.
 15102 | Lair:2   | Found a hole to the Spider Nest.
 15119 | Lair:2   | Gained mutation: Your large and strong wings let you fly.
                  | [Gargoyle growth]
 15119 | Lair:2   | Reached XP level 14. HP: 84/84 MP: 16/30
 15148 | Lair:2   | Learned a level 7 spell: Ozocubu's Refrigeration
 16287 | Lair:3   | Found a runed translucent gate.
 16288 | Lair:3   | Found a runed translucent gate.
 16290 | Lair:3   | Found a runed translucent gate.
 16290 | Lair:3   | Noticed zenocrate's ghost (journeyman GrIE)
 16418 | Lair:3   | Reached skill level 5 in Dodging
 16536 | Lair:3   | Found a staircase to the Swamp.
 17053 | Lair:2   | Killed Urug
 17309 | Lair:3   | Killed from afar by zenocrate's ghost

Illustrated notes

Levels and vault maps discovered:
D:1:      ncdulo_halloftheorcs, layout_basic, serial_shops,
          nicolae_shop_window_shopping, ebering_ecumenical_altar_petrified,
          minmay_misc_feat_tower, fountainhead
D:2:      layout_loops_corners, serial_co_window_serial, co_window_paths_a,
          co_window_of_opportunity_a, co_window_of_opportunity_a,
          co_window_paths_a, co_window_corner_a, co_window_of_opportunity_a,
          co_window_paths_a, co_window_paths_a, co_window_paths_b,
          co_window_corner_ca, co_window_of_opportunity_b, co_window_cross_3,
          glass_columns_a, glass_columns_a, glass_columns_a, serial_shops,
          nicolae_shop_hallway_stairs, minmay_misc_feat_hallway
D:3:      layout_rooms, mainiacjoe_overflow_cross_hatched, lemuel_tele_altar,
          eat_drink_and_be_merry_uskayaw, grunt_decor_resistance,
          grunt_ministairs_5, minmay_joined_circles, uniq_terence, uniq_sigmund
D:4:      layout_rooms, mainiacjoe_overflow_brackets,
          minmay_temple_entry_glassed_door, serial_bayou_pond_b,
          uniq_blork_the_orc
D:5:      layout_basic, minmay_crystal_water, uniq_eustachio,
          uniq_prince_ribbit1, uniq_crazy_yiuf_cottage
D:6:      layout_loops_corners, nicolae_elyvilon_peaceful_grove,
          mainiacjoe_overflow_small_starburst, hellmonk_ghost_happy_afterlife
D:7:      layout_rooms, serial_shops, shop, nicolae_shop_hallway_plus
D:8:      layout_rooms
D:9:      layout_loops_cross, nicolae_ashenzari_skybound, serial_shops, shop,
          nicolae_shop_rolling_square, enter_bailey_4, nrook_mini_backslash,
          bh_circular_ruins
D:10:     layout_rooms, mainiacjoe_overflow_large_starburst,
          lemuel_zombie_altar_yredelemnul, cheibriados_altar_1,
          minmay_starry_boxes
D:11:     layout_stronghold, lair_entry_dummy, orc_0_dummy,
          gauntlet_entry_generic, uniq_erica
Temple:   chequers_temple_sunken
Lair:1:   layout_cave_pods, ebering_ghost_inner_flame, serial_bayou_shore_b
Lair:2:   nzn_winding_woodlands_three_and_one [nzn_winding_woodlands_5x15_cabin,
          nzn_winding_woodlands_5x15_concentric,
          nzn_winding_woodlands_5x15_garden,
          nzn_winding_woodlands_center_lodge], layout_layer_cave,
          spider_nest_entry_a, eino_small_chamber_without_monster,
          beast_lair_carwin_8, uniq_urug
Lair:3:   layout_long_grid, palyth_hydra_swamp_entry,
          gammafunk_ghost_hydra_chop, grunt_megastairs_4,
          infiniplex_staircase_pool
Lair:4:   layout_regular_city, beast_lair_carwin_1, lemuel_fruit_fields,
          uniq_sonja

Skill      XL: |  1  2  3  4  5  6  7  8  9 10 11 12 13 14 |
---------------+-------------------------------------------+-----
Spellcasting   | 3 4 5 6 7 8 10 11 12 | 12.3
Stealth        | 3 |  3.3
Ice Magic      | 5 6 7 8 9 11 | 11.5
Fighting       | 2 3 4 5 6 8 |  8.7
Evocations     | 3 4 7 |  7.5
Shields        | 3 4 5 6 7 |  7.3
Maces & Flails | 2 4 6 |  6.3
Armour         | 3 4 5 6 |  6.4
Dodging        | 2 3 4 5 |  5.2
Conjurations   | 3 4 |  4.3
Fire Magic     | 2 3 |  3.9

Action                     |  1- 3 |  4- 6 |  7- 9 | 10-12 | 13-15 || total
---------------------------+-------+-------+-------+-------+-------++-------
  Melee: Unarmed           |    28 |       |       |       |       ||    28
         Whip              |    23 |    34 |       |   315 |   351 ||   723
         Flail             |       |    79 |   235 |       |       ||   314
         Mace              |       |     6 |       |       |       ||     6
         Headbutt          |       |       |       |    11 |    84 ||    95
         Cutlass           |       |       |       |     4 |       ||     4
   Cast: Freeze            |    50 |    58 |    87 |    43 |    71 ||   309
         Frozen Ramparts   |       |     4 |    19 |    30 |    47 ||   100
         Ozocubu's Armour  |       |     1 |    12 |    23 |    24 ||    60
         Summon Ice Beast  |       |       |       |     4 |    12 ||    16
         Fireball          |       |       |       |       |    36 ||    36
  Evoke: Wand              |       |       |    13 |     2 |     2 ||    17
         Phial of floods   |       |       |       |     1 |     1 ||     2
    Use: Scroll            |       |     4 |     4 |    11 |     6 ||    25
         Potion            |       |     3 |       |     8 |       ||    11
   Stab: Sleeping          |     2 |     1 |       |     1 |       ||     4
         Distracted        |       |       |       |       |     1 ||     1
 Armour: Robe              |    69 |   132 |    66 |       |       ||   267
         Ring mail         |       |       |   335 |     3 |       ||   338
         Skin              |       |       |     1 |       |       ||     1
         Acid dragon scale |       |       |       |   438 |   388 ||   826
  Dodge: Dodged            |    59 |   113 |   241 |   253 |   253 ||   919
  Block: Buckler           |       |       |       |       |    66 ||    66

Table legend: (Time is in decaauts)
 A = Elapsed time spent in this place.
 B = Non-inter-level travel time spent in this place.
 C = Inter-level travel time spent in this place.
 D = Time resting spent in this place.
 E = Time spent auto-exploring this place.
 F = Levels seen in this place.
 G = Mean time per level.
                   A        B        C        D        E       F      G
               +--------+--------+--------+--------+--------+-----+--------+
         Total |  17363 |  16744 |    619 |     82 |  13129 |  18 |  964.6 |
       Dungeon |  11493 |  11096 |    397 |     12 |   8763 |  11 | 1044.8 |
        Temple |     12 |      2 |     10 |      0 |      0 |   1 |   12.0 |
          Lair |   4855 |   4644 |    211 |      0 |   3712 |   4 | 1213.8 |
        Bailey |    556 |    556 |      0 |      0 |    414 |   1 |  556.0 |
      Gauntlet |    445 |    445 |      0 |     70 |    240 |   1 |  445.0 |
               +--------+--------+--------+--------+--------+-----+--------+

Top non-repeatable levels by time:
  Lair:2: 2032 daAuts
     D:5: 1629 daAuts
     D:2: 1438 daAuts
  Lair:3: 1430 daAuts
  Lair:1: 1323 daAuts
     D:3: 1273 daAuts
     D:6: 1258 daAuts
     D:1: 1041 daAuts
    D:11: 1022 daAuts
     D:9: 863 daAuts
    D:10: 818 daAuts
     D:4: 788 daAuts
     D:8: 709 daAuts
     D:7: 651 daAuts
  Bailey: 556 daAuts
